[Event "Early-Titled-Tuesday-Blitz-June-18-2024"]
[Site "Chess.com"]
[Date "2024.06.18"]
[Round "7"]
[White "AljoschaFeuerstack"]
[Black "CristhianPortalR"]
[Result "0-1"]
[WhiteElo "2649"]
[BlackElo "2510"]
[TimeControl "180+1"]
[EndTime "9:18:35 PDT"]
[Termination "CristhianPortalR won by resignation"]

1. e4 c5 2. Nf3 d6 3. d3 Nc6 4.
g3 g6 5. Bg2 Bg7 6. O-O e5 7. a4 Nge7 8. Nbd2 O-O 9. Nc4 h6 10.
c3 Be6 11. h4 Qc7 12. Bd2 f6 13. Qc1 Kh7 14. Ne1 Rad8 15. f4 d5 16. exd5 Nxd5 17.
h5 g5 18. Be4+ Kh8 19. f5 Bf7 20. Qd1 Rfe8 21. Qe2 Re7 22. Ng2 Qd7 23. Kf2 Qe8 24. Rh1 Red7 25. Rad1 Nc7 26. Nge3 Nd5 27. Bc1 Nxe3 28.
Nxe3 Bb3 29. Rd2 Bxa4 30. Nc4 Bb3 31. Bxc6 bxc6 32. Qe4 Qf7 33. Ne3 Bd5 34. Qg4 Bxh1 0-1

[Event "Early-Titled-Tuesday-Blitz-June-18-2024"]
[Site "Chess.com"]
[Date "2024.06.18"]
[Round "7"]
[White "Mikasinski"]
[Black "DanyKopy"]
[Result "1-0"]
[WhiteElo "2717"]
[BlackElo "2568"]
[TimeControl "180+1"]
[EndTime "9:18:38 PDT"]
[Termination "Mikasinski won by resignation"]

1. e4 c5 2. Nf3 Nc6 3. d4 cxd4 4. Nxd4 e5 5. Nb5 d6 6. a4 Be6 7. N1a3 a6 8. Nc3 Rc8 9. Nd5 Bxd5 10. exd5 Nce7 11. c4 f5 12. Be2 Nf6 13. O-O g6 14. b4 Bg7 15. c5 dxc5 16. d6 Ned5 17. bxc5 Nc3 18. Qe1 Nxe2+ 19. Qxe2 Rxc5 20. Be3 Rd5 21. Nc4 O-O 22. a5 Ne4 23. Bb6 Qd7 24. Bc7 Nc3 25. Qb2 e4 26. Nb6 Qf7 27. Rac1 Nb5 28. Qb4 Rd4 29. Qc5 Qd7 30. Nxd7 1-0

[Event "Early-Titled-Tuesday-Blitz-June-18-2024"]
[Site "Chess.com"]
[Date "2024.06.18"]
[Round "7"]
[White "GM-2024-GM"]
[Black "topce"]
[Result "0-1"]
[WhiteElo "2338"]
[BlackElo "2531"]
[TimeControl "180+1"]
[EndTime "9:18:39 PDT"]
[Termination "topce won on time"]

1. e4 c5 2. Nf3 Nc6 3. d4 cxd4 4. Nxd4 e5 5. Nb5 d6 6. c4 Be6 7. N1c3 a6 8. Na3 Rc8 9. Nc2 Nf6 10. Bg5 Be7 11. Be2 O-O 12. Bxf6 Bxf6 13. Nd5 Bxd5 14. Qxd5 b5 15. cxb5 Ne7 16. Qd2 axb5 17. Bxb5 Rxc2 18. Qxc2 Qa5+ 19. Qd2 Qxb5 20. Qe2 Qb4+ 21. Kf1 Nc6 22. a3 Qa4 23. g3 Nd4 24. Qd3 Rb8 25. Rb1 Rb3 26. Qd1 Qa8 27. Qg4 h5 28. Qxh5 Qxe4 0-1

[Event "Early-Titled-Tuesday-Blitz-June-18-2024"]
[Site "Chess.com"]
[Date "2024.06.18"]
[Round "7"]
[White "Nadtkins"]
[Black "Niteshch"]
[Result "0-1"]
[WhiteElo "2537"]
[BlackElo "2371"]
[TimeControl "180+1"]
[EndTime "9:18:42 PDT"]
[Termination "Niteshch won on time"]

1. e4 c5 2. Ne2 Nc6 3. g3 g6 4. Bg2 Bg7 5. O-O e6 6. c3 Nge7 7. d4 cxd4 8. cxd4 d5 9. e5 O-O 10. h4 f6 11. exf6 Bxf6 12. Na3 Qb6 13. Nc2 Nf5 14.
a4 Nfxd4 15. Nexd4 Bxd4 16. Nxd4 Qxd4 17. Qb3 b6 18.
Bh6 Re8 19. Rad1 Qf6 20. Bg5 Qf7 21. Rfe1 Ba6 22. Rxd5 Na5 23. Qd1 exd5 24. Rxe8+ Rxe8 25. Bxd5 Re6 26. Bxe6 Qxe6 27. Qd8+ Kg7 28. Qc7+ Qf7 29. Bh6+ Kf6 30. Bg5+ Ke6 0-1

[Event "Early-Titled-Tuesday-Blitz-June-18-2024"]
[Site "Chess.com"]
[Date "2024.06.18"]
[Round "7"]
[White "DeArron_Fox"]
[Black "Ginger_GM"]
[Result "0-1"]
[WhiteElo "2471"]
[BlackElo "2630"]
[TimeControl "180+1"]
[EndTime "9:18:43 PDT"]
[Termination "Ginger_GM won on time"]

1. d4 e6 2. c4 b6 3. e4 Bb7 4. f3 f5 5. exf5 Nh6 6. Bd3 Nxf5 7.
Ne2 Bd6 8. Bxf5 exf5 9. Bf4 Bxf4 10. Nxf4 O-O 11. O-O Qg5 12. Qd2 Nc6 13. Ne2 f4 14. Nbc3 Ne7 15. Ne4 Bxe4 16. fxe4 Ng6 17. g3 Rae8 18.
e5 Rf5 19. Rf3 Ref8 20. Raf1 Nh4 21. Nxf4 Nxf3+ 22. Rxf3 Qg4 23. h3 Qxf3 0-1

[Event "Early-Titled-Tuesday-Blitz-June-18-2024"]
[Site "Chess.com"]
[Date "2024.06.18"]
[Round "7"]
[White "bescmelasti"]
[Black "sanbruh"]
[Result "1-0"]
[WhiteElo "2621"]
[BlackElo "2457"]
[TimeControl "180+1"]
[EndTime "9:18:44 PDT"]
[Termination "bescmelasti won by resignation"]

1. e4 c5 2. Nf3 d6 3. Bb5+ Bd7 4.
c4 Nf6 5. Nc3 g6 6. O-O Bg7 7.
d4 cxd4 8. Nxd4 O-O 9. Be3 a6 10. Bxd7 Nbxd7 11. Rc1 Rc8 12. b3 Ne5 13. h3 Nfd7 14.
Qe2 Nc5 15. Rfd1 Nc6 16. Nxc6 Rxc6 17. Nd5 Nxe4 18. Bb6 Rxb6 19. Qxe4 e6 20. Nxb6 Qxb6 21. Qd3 Be5 22. g3 d5 23. cxd5 exd5 24. Kg2 d4 25.
Qe4 Bg7 26. Rd3 Qb5 27. Rc7 b6 28. Rf3 a5 29. a4 Qe8 30. Qd5 Qe6 31. Qxe6 fxe6 32.
Rxf8+ Bxf8 33. Kf3 e5 34. Ke4 Bd6 35. Rd7 Bc5 36.
Kxe5 d3 37. f4 1-0

[Event "Early-Titled-Tuesday-Blitz-June-18-2024"]
[Site "Chess.com"]
[Date "2024.06.18"]
[Round "7"]
[White "SirStrateg"]
[Black "klimkoj"]
[Result "0-1"]
[WhiteElo "2708"]
[BlackElo "2904"]
[TimeControl "180+1"]
[EndTime "9:18:49 PDT"]
[Termination "klimkoj won by resignation"]

1. d4 Nf6 2. Bg5 e6 3. Nd2 d5 4.
Ngf3 c5 5. e3 Nc6 6. c3 h6 7.
Bh4 Be7 8. Bd3 O-O 9. O-O b6 10. a4 Bb7 11. Qb1 Rc8 12. Re1 Qc7 13. h3 e5 14. Bb5 e4 15. Bg3 Bd6 16. Bxd6 Qxd6 17. Bxc6 Bxc6 18. Nh2 Bd7 19. a5 cxd4 20. cxd4 Qb4 21. Nhf1 bxa5 22. Rc1 Bb5 23. Qa2 a4 24. Qa3 a5 25. Rc3 Rxc3 26. bxc3 Qxa3 27. Rxa3 Rc8 28.
Nb1 Ne8 29. Nfd2 Nd6 30. Ra2 f5 31. f4 g5 32. g3 Kf7 33. Kf2 Ke6 34. Rb2 Bd3 35.
Ra2 Rb8 36. Rxa4 Bxb1 37. Rxa5 Rb2 38. Ke1 Rxd2 39. Kxd2 Nc4+ 0-1

[Event "Early-Titled-Tuesday-Blitz-June-18-2024"]
[Site "Chess.com"]
[Date "2024.06.18"]
[Round "7"]
[White "jlmanzanares"]
[Black "SpongeBob_03"]
[Result "0-1"]
[WhiteElo "2039"]
[BlackElo "2227"]
[TimeControl "180+1"]
[EndTime "9:18:51 PDT"]
[Termination "SpongeBob_03 won by resignation"]

1. e4 c5 2. Nf3 d6 3. d4 cxd4 4. Nxd4 Nf6 5. Nc3 g6 6. Be3 Bg7 7. f3 O-O 8. Qd2 Nc6 9. Bc4 Bd7 10. Bb3 Rc8 11. h4 h5 12. O-O-O Ne5 13. Kb1 Nc4 14. Bxc4 Rxc4 15. Nde2 b5 16. Bg5 b4 17. Bxf6 Bxf6 18. Nd5 Bg7 19. g4 e6 20. Ne3 Rc8 21. gxh5 Qf6 22.
Nd4 gxh5 23. Rhg1 a5 24. Rg3 Kh8 25. Rdg1 Rg8 26. Rg5 Rc5 27. Qg2 Qxd4 28. Nd1 Rxg5 29. Qxg5 Qc5 30. Qg2 Ba4 31. b3 Qe5 32. c3 bxc3 33. Kc2 Bb5 34. Ne3 Qd4 35. Qf2 Qd2+ 36. Qxd2 cxd2 37. Rd1 Bh6 38. Nc4 Rc8 39. Kd3 d5 0-1

[Event "Early-Titled-Tuesday-Blitz-June-18-2024"]
[Site "Chess.com"]
[Date "2024.06.18"]
[Round "7"]
[White "Durarbayli"]
[Black "TheBigBoss04"]
[Result "1-0"]
[WhiteElo "2960"]
[BlackElo "2816"]
[TimeControl "180+1"]
[EndTime "9:18:54 PDT"]
[Termination "Durarbayli won on time"]

1. e4 c6 2. d4 d5 3. exd5 cxd5 4. c4 Nf6 5. Nc3 e6 6. Nf3 Be7 7. cxd5 Nxd5 8. Bd3 O-O 9. O-O Nc6 10. Re1 Nf6 11.
Bg5 h6 12. Bh4 Nh5 13. Bg3 Nxg3 14. hxg3 Bf6 15. Re4 b6 16. Rc1 Bb7 17. Bb1 Ne7 18. Rg4 Rc8 19. Qd3 g6 20. Re1 h5 21. Rf4 Bg7 22.
Ne5 Nf5 23. g4 hxg4 24. Rxg4 Qd6 25. Ne4 Bxe4 26. Qxe4 Rfd8 27. Nxg6 fxg6 28. Rxg6 Qd5 29. Qg4 Kf7 30. Bxf5 1-0

[Event "Early-Titled-Tuesday-Blitz-June-18-2024"]
[Site "Chess.com"]
[Date "2024.06.18"]
[Round "7"]
[White "GlavkonVVS"]
[Black "ab-lsv"]
[Result "1-0"]
[WhiteElo "2526"]
[BlackElo "2352"]
[TimeControl "180+1"]
[EndTime "9:18:54 PDT"]
[Termination "GlavkonVVS won by resignation"]

1. c4 c5 2. Nc3 g6 3. Nf3 Bg7 4. g3 Nc6 5. Bg2 e5 6. O-O Nge7 7. d3 O-O 8. a3 d6 9. Rb1 a5 10. Ne1 Be6 11. Nc2 d5 12. b3 d4 13. Nb5 Qd7 14.
b4 axb4 15. axb4 b6 16. bxc5 bxc5 17. Na1 Rac8 18. Nb3 Nd8 19. Ba3 Bh3 20. Nxc5 Rxc5 21. Bxh3 Qxh3 22. Bxc5 Ndc6 23. e4 dxe3 24. fxe3 Rd8 25.
Qe2 Nf5 26. Nc3 Bh6 27. Nd5 Kg7 28. Rf3 Qg4 29. Rbf1 f6 30. Nxf6 Kxf6 31. Rxf5+ Qxf5 32. Rxf5+ gxf5 33. Qh5 Bg7 34. e4 fxe4 35. dxe4 Rd1+ 36. Qxd1 1-0

[Event "Early-Titled-Tuesday-Blitz-June-18-2024"]
[Site "Chess.com"]
[Date "2024.06.18"]
[Round "7"]
[White "Lestofante90"]
[Black "Meri-Arabidze"]
[Result "1-0"]
[WhiteElo "2962"]
[BlackElo "2668"]
[TimeControl "180+1"]
[EndTime "9:18:55 PDT"]
[Termination "Lestofante90 won by resignation"]

1. d4 Nf6 2. c4 e6 3. Nf3 Bb4+ 4.
Nc3 b6 5. e3 Bb7 6. Bd3 Ne4 7.
Qc2 f5 8. O-O Nxc3 9. bxc3 Bxf3 10. gxf3 Bd6 11. e4 Qh4 12. e5 Be7 13. Kh1 Bg5 14. Rg1 Bxc1 15. Qxc1 O-O 16. Qe3 Nc6 17. f4 Ne7 18. Rg3 Ng6 19. Rag1 Rf7 20. Rf3 c6 21. a4 Kh8 22. Rxg6 hxg6 23. Rh3 Qxh3 24. Qxh3+ Kg8 25. d5 cxd5 26. cxd5 Rc8 27. c4 exd5 28. cxd5 Rc3 29.
Qe3 Ra3 30. Qd4 Rf8 31. e6 dxe6 32. dxe6 Kh7 33. Bb5 a6 34. e7 1-0

[Event "Early-Titled-Tuesday-Blitz-June-18-2024"]
[Site "Chess.com"]
[Date "2024.06.18"]
[Round "7"]
[White "ninguno46"]
[Black "Bkmzzzzz"]
[Result "0-1"]
[WhiteElo "2547"]
[BlackElo "2405"]
[TimeControl "180+1"]
[EndTime "9:18:55 PDT"]
[Termination "Bkmzzzzz won by resignation"]

1. e4 d6 2. d4 Nf6 3. f3 e5 4.
dxe5 dxe5 5. Qxd8+ Kxd8 6. Bc4 Be6 7. Bxe6 fxe6 8. Be3 Bd6 9. Nd2 Ke7 10. O-O-O Nc6 11.
Nc4 a6 12. Nh3 b5 13. Nd2 h6 14. Nf2 Rab8 15. Nd3 Nd7 16. h4 Nd4 17. Rde1 c5 18. c3 Nc6 19. c4 Nd4 20. b3 Bc7 21. Bxd4 exd4 22. Kc2 Rhc8 23. e5 Ba5 24. Rc1 Nb6 25. Rh3 Bxd2 26. Kxd2 bxc4 27. bxc4 Na4 28. Rg3 Kf7 29.
h5 Nc3 30. f4 Ne4+ 31. Ke2 Nxg3+ 32. Kf3 Nf5 33. g4 Ne3 34. Ke4 Nxg4 35. Rg1 Ne3 36. Rg6 Nxc4 0-1

[Event "Early-Titled-Tuesday-Blitz-June-18-2024"]
[Site "Chess.com"]
[Date "2024.06.18"]
[Round "7"]
[White "c63_amg"]
[Black "PLAYER_2006_M"]
[Result "0-1"]
[WhiteElo "2810"]
[BlackElo "2966"]
[TimeControl "180+1"]
[EndTime "9:18:56 PDT"]
[Termination "PLAYER_2006_M won on time"]

1. e4 e5 2. Nf3 Nf6 3. d4 Nxe4 4.
dxe5 d5 5. Nbd2 Qd7 6. Bd3 Nc5 7. Be2 Ne6 8. O-O Be7 9. Re1 O-O 10. Nf1 c5 11. c3 Rd8 12. Ne3 Nc6 13. Nf5 d4 14. Bb5 Bf8 15. cxd4 cxd4 16. Bd3 Nc5 17. Bb1 d3 18. Ne3 Nd4 19. Bd2 Ne2+ 20. Rxe2 dxe2 21.
Qxe2 b6 22. Bxh7+ Kxh7 23. Ng5+ Kg6 24. Qf3 Qxd2 25. Qxf7+ Kxg5 26. h4+ Kh6 27. g4 Kh7 28. h5 Qd3 29. Nf5 Bxf5 30. gxf5 Qe4 31. Qg6+ Kh8 32. h6 gxh6 0-1

[Event "Early-Titled-Tuesday-Blitz-June-18-2024"]
[Site "Chess.com"]
[Date "2024.06.18"]
[Round "7"]
[White "Sek_Konstantin"]
[Black "chess_peak"]
[Result "0-1"]
[WhiteElo "2711"]
[BlackElo "2532"]
[TimeControl "180+1"]
[EndTime "9:18:56 PDT"]
[Termination "chess_peak won by resignation"]

1. e4 c5 2. Nf3 Nc6 3. Nc3 d6 4. d4 cxd4 5. Nxd4 Nf6 6. Bc4 Qb6 7. Nb3 e6 8. Be3 Qc7 9. f4 a6 10. Qe2 Be7 11. O-O-O b5 12. Bd3 Nb4 13. Kb1 Bb7 14.
g4 d5 15. e5 Ne4 16. Bxe4 dxe4 17. f5 exf5 18. gxf5 Qxe5 19. Bd4 Qxf5 20. Rhf1 Qe6 21. Bxg7 Rg8 22. Bd4 O-O-O 23. a4 bxa4 24. Nxa4 Bd5 25. Nb6+ Kb7 26. c4 Bc6 27. Na5+ Kb8 28. Qh5 Rg5 29.
Qxf7 Qxf7 30. Rxf7 Rxd4 31. Rdf1 Rxa5 32. Rxe7 Rd8 33.
Rxh7 Re5 0-1

[Event "Early-Titled-Tuesday-Blitz-June-18-2024"]
[Site "Chess.com"]
[Date "2024.06.18"]
[Round "7"]
[White "Resourchess"]
[Black "NikitaShnadrygin"]
[Result "0-1"]
[WhiteElo "2369"]
[BlackElo "2734"]
[TimeControl "180+1"]
[EndTime "9:18:56 PDT"]
[Termination "NikitaShnadrygin won by resignation"]

1. d4 d5 2. c4 Nc6 3. Nf3 Bg4 4. e3 e5 5. cxd5 Qxd5 6. Be2 Bb4+ 7. Nc3 exd4 8. O-O Bxc3 9. bxc3 d3 10. Qxd3 Bxf3 11. gxf3 Qxd3 12. Bxd3 Nf6 13. Bb5 O-O-O 14. Bxc6 bxc6 15.
Ba3 Rd3 16. Rfc1 Nd5 17. Bc5 Nxc3 18. Kf1 f6 19. Bxa7 Kd7 20. Bd4 Nb5 21. Bc5 Ra8 22. a4 Nd6 23. a5 Ra6 24. Ke2 Rb3 25. Bd4 Rb5 26. Rc5 Nb7 27. Rxb5 cxb5 28. Rb1 c5 29. Bc3 Kc6 30. Rg1 b4 31. Bd2 g6 32.
Rc1 Kb5 33. e4 Nxa5 34. Be3 Nc4 35. f4 b3 36. e5 fxe5 37. fxe5 b2 38. Rb1 Ra1 39. e6 Rxb1 40. e7 Nd6 41. Bf4 Ne8 0-1

[Event "Early-Titled-Tuesday-Blitz-June-18-2024"]
[Site "Chess.com"]
[Date "2024.06.18"]
[Round "7"]
[White "Boundless_Strike"]
[Black "Shield12"]
[Result "0-1"]
[WhiteElo "2661"]
[BlackElo "2890"]
[TimeControl "180+1"]
[EndTime "9:18:57 PDT"]
[Termination "Shield12 won on time"]

1. d4 Nf6 2. Nc3 d5 3. e4 Nxe4 4. Nxe4 dxe4 5. Be3 Bf5 6. g4 Bg6 7. Ne2 Nc6 8. h4 h6 9. Nf4 Bh7 10. Qe2 e6 11. O-O-O Bd6 12. Nh5 g6 13. Ng7+ Kf8 14.
Bxh6 Kg8 15. Nh5 gxh5 16. gxh5 Bg6 17. Bg5 Bxh5 18. Qxe4 Be7 19. Rg1 Kf8 20. Be2 Bg6 21. Qg2 Bxg5+ 22. hxg5 Qd5 23. Bf3 Qf5 24. Rd2 Nxd4 25.
Bxb7 Rd8 26. Re1 Kg7 27. Be4 Qf4 28. Bxg6 Nf3 29. Re3 Nxd2 0-1

[Event "Early-Titled-Tuesday-Blitz-June-18-2024"]
[Site "Chess.com"]
[Date "2024.06.18"]
[Round "7"]
[White "Naruto75_3"]
[Black "LeRoidesChampions"]
[Result "1-0"]
[WhiteElo "2515"]
[BlackElo "2662"]
[TimeControl "180+1"]
[EndTime "9:18:57 PDT"]
[Termination "Naruto75_3 won by checkmate"]

1. d4 Nf6 2. c4 g6 3. Nc3 Bg7 4.
Nf3 O-O 5. Bg5 c5 6. e3 d6 7. Be2 Nc6 8. O-O Bf5 9. h3 Ne4 10. Nxe4 Bxe4 11. d5 Bxf3 12. Bxf3 Na5 13. Qc2 a6 14. a3 b5 15. cxb5 axb5 16. Rad1 Nc4 17. Rb1 h6 18. Bh4 g5 19. Bg3 Qa5 20. Rfd1 Nb6 21.
Be2 b4 22. axb4 Qxb4 23. f3 Ra2 24. Be1 Qa4 25. Qf5 Re8 26. Bd3 Rxb2 27. Rxb2 Qxd1 28.
Rb1 Qa4 29. Bb5 Qa7 30. Bxe8 Bf6 31. Bc3 Bxc3 32. Bxf7+ Kf8 33. Be6+ Kg7 34. Qf7+ Kh8 35. Qg8# 1-0

[Event "Early-Titled-Tuesday-Blitz-June-18-2024"]
[Site "Chess.com"]
[Date "2024.06.18"]
[Round "7"]
[White "talaicito"]
[Black "DonCiao"]
[Result "1-0"]
[WhiteElo "2260"]
[BlackElo "2090"]
[TimeControl "180+1"]
[EndTime "9:18:57 PDT"]
[Termination "talaicito won by resignation"]

1. d4 Nf6 2. Bf4 g6 3. Nc3 d5 4. e3 c6 5. Nf3 Bg7 6. Ne5 b5 7. f3 Qa5 8. Qd2 b4 9. Ne2 Qb6 10.
g4 a5 11. h4 h5 12. Ng3 hxg4 13. fxg4 Nxg4 14. O-O-O b3 15. cxb3 a4 16. b4 a3 17. b3 Nxe5 18. dxe5 Na6 19. b5 Nc5 20. Qc2 Bg4 21. Be2 Bxe2 22. Nxe2 cxb5 23. Rxd5 Rc8 24. Kb1 Ne6 25. Qxc8+ 1-0

[Event "Early-Titled-Tuesday-Blitz-June-18-2024"]
[Site "Chess.com"]
[Date "2024.06.18"]
[Round "7"]
[White "Seppppppy"]
[Black "marszach123"]
[Result "1-0"]
[WhiteElo "2186"]
[BlackElo "1934"]
[TimeControl "180+1"]
[EndTime "9:18:58 PDT"]
[Termination "Seppppppy won by checkmate"]

1. d4 Nf6 2. c4 e6 3. Nc3 g6 4. e4 d5 5. cxd5 exd5 6. e5 Ne4 7. Bd3 Nxc3 8. bxc3 c5 9. Nf3 Nc6 10. O-O Bg4 11. Bb5 Qb6 12. Rb1 Bf5 13. Bd3 Qc7 14. Bxf5 gxf5 15. Qb3 b6 16. Qxd5 Qd7 17. Qxd7+ Kxd7 18. d5 Na5 19. Ng5 f6 20. e6+ Ke7 21. Nf7 Rg8 22. Re1 Rg7 23. d6+ Ke8 24. d7+ Ke7 25.
Bf4 Rxf7 26. Rbd1 Nc4 27. exf7+ Kxf7 28. d8=Q Rxd8 29. Rxd8 Be7 30. Rd7 Ne5 31. Bxe5 fxe5 32. Rxe5 Kf6 33. Rexe7 Kg5 34. Rg7+ Kf4 35. Rde7 c4 36. Re3 b5 37. g3# 1-0

[Event "Early-Titled-Tuesday-Blitz-June-18-2024"]
[Site "Chess.com"]
[Date "2024.06.18"]
[Round "7"]
[White "Muifel"]
[Black "Nicolik"]
[Result "0-1"]
[WhiteElo "2494"]
[BlackElo "2641"]
[TimeControl "180+1"]
[EndTime "9:19:00 PDT"]
[Termination "Nicolik won on time"]

1. e4 c5 2. d4 cxd4 3. c3 dxc3 4. Nxc3 Nc6 5. Bc4 e6 6. Nf3 a6 7. O-O Nge7 8. h4 Ng6 9. h5 Nge5 10. Nxe5 Nxe5 11.
Be2 Qh4 12. Be3 Bb4 13. Qd4 Bxc3 14. bxc3 Qf6 15. Qd6 Nc6 16. Rad1 Qe5 17. Qa3 Qa5 18. Qd6 Qe5 19. Qa3 b5 20. Bc5 Bb7 21. Bf3 Qc7 22.
Bd6 Qa5 23. Qb3 Qb6 24. e5 Na5 25. Qc2 Bxf3 26. gxf3 Nc4 27. Qe4 Qc6 28. Qg4 Rg8 0-1

[Event "Early-Titled-Tuesday-Blitz-June-18-2024"]
[Site "Chess.com"]
[Date "2024.06.18"]
[Round "7"]
[White "Herzog2012"]
[Black "MagnusCarlsen"]
[Result "0-1"]
[WhiteElo "2635"]
[BlackElo "3173"]
[TimeControl "180+1"]
[EndTime "9:19:02 PDT"]
[Termination "MagnusCarlsen won by resignation"]

1. e4 c5 2. Nf3 e6 3. d4 cxd4 4.
Nxd4 a6 5. Nc3 Qc7 6. Bd3 Nc6 7. Nxc6 dxc6 8. O-O e5 9. a4 Nf6 10. Qe2 Bc5 11. Be3 Bxe3 12. Qxe3 a5 13. Bc4 O-O 14.
f3 Nd7 15. Rfd1 Qb6 16. Qxb6 Nxb6 17. Bb3 Re8 18. Rd6 Kf8 19. Rad1 Ke7 20. Ne2 Rf8 21. Ng3 g6 22. h4 Bd7 23. h5 Rfd8 24. hxg6 hxg6 25.
Nf1 Be8 26. Rxd8 Rxd8 27. Rxd8 Kxd8 28. Ne3 c5 29. Ng4 c4 30. Ba2 Nxa4 31. Bxc4 Nxb2 32. Ba2 Na4 33. Nxe5 Nc3 34. Bxf7 Bxf7 35. Nxf7+ Ke7 36. Ne5 a4 37. Nd3 a3 38. Nc5 Ne2+ 39. Kf2 Nd4 40.
c3 a2 41. cxd4 a1=Q 42. Ke3 Qc3+ 43. Nd3 b5 44. d5 b4 45. e5 b3 46. Ke4 Qc4+ 47. Ke3 Qxd5 0-1

[Event "Early-Titled-Tuesday-Blitz-June-18-2024"]
[Site "Chess.com"]
[Date "2024.06.18"]
[Round "7"]
[White "WindWhistler11"]
[Black "tarno17"]
[Result "1-0"]
[WhiteElo "2527"]
[BlackElo "2175"]
[TimeControl "180+1"]
[EndTime "9:19:03 PDT"]
[Termination "WindWhistler11 won by resignation"]

1. Nf3 d5 2. g3 Nf6 3. c4 c6 4.
Bg2 Bg4 5. b3 Nbd7 6. Bb2 Rc8 7.
O-O h5 8. h3 Bxf3 9. exf3 e6 10. h4 Bd6 11. d3 Qb6 12. Kh2 Rh6 13. Nc3 Rg6 14. Ne2 Qc7 15. f4 Ng4+ 16. Kg1 Kf8 17. Qd2 Ndf6 18. Rac1 dxc4 19. bxc4 c5 20. Nc3 a6 21.
Ne4 Nxe4 22. dxe4 Rd8 23. Rcd1 Be7 24. Qe2 Rxd1 25. Rxd1 Bxh4 26. f5 exf5 27. exf5 Be7 28. fxg6 fxg6 29. Qe6 1-0

[Event "Early-Titled-Tuesday-Blitz-June-18-2024"]
[Site "Chess.com"]
[Date "2024.06.18"]
[Round "7"]
[White "mfschulz"]
[Black "abelmat"]
[Result "0-1"]
[WhiteElo "2221"]
[BlackElo "2055"]
[TimeControl "180+1"]
[EndTime "9:19:04 PDT"]
[Termination "abelmat won by resignation"]

1. d4 d5 2. Bg5 c5 3. Nc3 Nc6 4.
e3 a6 5. dxc5 Be6 6. a3 a5 7.
Bb5 h6 8. Bh4 g5 9. Bg3 Bg7 10. h4 g4 11. Nge2 Nf6 12. Nf4 O-O 13. h5 Qd7 14. O-O Rad8 15. b4 Ne4 16. Nxe4 dxe4 17.
Nxe6 Qxe6 18. Qe2 Bxa1 19. Rxa1 axb4 20. Bxc6 bxc6 21. axb4 Rd5 22. Ra6 Rxh5 23. c4 Rd8 24.
b5 Qd7 25. f3 gxf3 26. gxf3 Qh3 27. Qg2 Rd1+ 28. Kf2 Rd2+ 0-1

[Event "Early-Titled-Tuesday-Blitz-June-18-2024"]
[Site "Chess.com"]
[Date "2024.06.18"]
[Round "7"]
[White "Adar_07"]
[Black "yaguigor"]
[Result "1-0"]
[WhiteElo "2799"]
[BlackElo "2634"]
[TimeControl "180+1"]
[EndTime "9:19:06 PDT"]
[Termination "Adar_07 won on time"]

1. e4 c5 2. Nf3 Nc6 3. d4 cxd4 4. Nxd4 Qb6 5. Nb3 Nf6 6. Nc3 e6 7. Be3 Qc7 8. a3 a6 9. Bd3 b5 10. f4 d6 11. g4 Bb7 12. g5 Nd7 13. Qf3 g6 14. h4 Bg7 15. h5 b4 16. axb4 Nxb4 17. hxg6 hxg6 18. Rxh8+ Bxh8 19. Kd2 Rc8 20. Bd4 e5 21. fxe5 Nxe5 22. Qh3 Bg7 23. Rf1 Nbxd3 24.
cxd3 Rb8 25. Qh7 Kf8 26. Nc1 Bc8 27. Nd5 Qa5+ 28. Kc2 Be6 29. Nf4 Qa4+ 30. Kb1 Bb3 31.
Nxb3 Qxb3 32. Bxe5 1-0

[Event "Early-Titled-Tuesday-Blitz-June-18-2024"]
[Site "Chess.com"]
[Date "2024.06.18"]
[Round "7"]
[White "Korona_91"]
[Black "Manukyan_Artak"]
[Result "1-0"]
[WhiteElo "2680"]
[BlackElo "2499"]
[TimeControl "180+1"]
[EndTime "9:19:07 PDT"]
[Termination "Korona_91 won by resignation"]

1. e4 c6 2. d4 d5 3. e5 Bf5 4. Nf3 e6 5. Be2 c5 6. Be3 Qb6 7. Nc3 Qxb2 8. Nb5 Na6 9. O-O c4 10. Nd6+ Bxd6 11. exd6 Nf6 12. Rb1 Qxc2 13. Rxb7 O-O 14.
Ne5 Qxa2 15. Qa1 Qxe2 16. Qxa6 Ng4 17. Nxg4 Bxg4 18. Rxa7 Rxa7 19. Qxa7 c3 20. Qc7 c2 21.
d7 h6 22. d8=Q Rxd8 23. Qxd8+ Kh7 24. Qc7 Qd1 25. Qc3 Be2 26. Re1 g5 27. Qd2 Bh5 28. f3 Bxf3 29. gxf3 Qxf3 30. Qxc2+ 1-0

[Event "Early-Titled-Tuesday-Blitz-June-18-2024"]
[Site "Chess.com"]
[Date "2024.06.18"]
[Round "7"]
[White "gabduschew"]
[Black "LileKoridze"]
[Result "1-0"]
[WhiteElo "2315"]
[BlackElo "2421"]
[TimeControl "180+1"]
[EndTime "9:19:09 PDT"]
[Termination "gabduschew won by checkmate"]

1. e4 c5 2. Nf3 d6 3. d4 cxd4 4. Nxd4 Nf6 5. Bd3 g6 6. c4 Bg7 7. Nc3 O-O 8. O-O Nc6 9. Nc2 a5 10. Kh1 b6 11. Bg5 Bb7 12. f3 Rc8 13. Be2 Qc7 14. Ne3 e6 15. Nb5 Qb8 16. Qxd6 Qa8 17. Rad1 Rfd8 18. Qg3 Rxd1 19. Rxd1 Nh5 20. Qe1 Bxb2 21.
Ng4 Ne5 22. Nh6+ Kg7 23. Qd2 f6 24. Qxb2 fxg5 25. Qxe5+ Kxh6 26. Nd6 Rf8 27. g4 Nf4 28.
h4 gxh4 29. g5+ Kh5 30. Qg7 Rh8 31. Qh6# 1-0

[Event "Early-Titled-Tuesday-Blitz-June-18-2024"]
[Site "Chess.com"]
[Date "2024.06.18"]
[Round "7"]
[White "Keeper0416"]
[Black "azikom"]
[Result "1-0"]
[WhiteElo "2569"]
[BlackElo "2687"]
[TimeControl "180+1"]
[EndTime "9:19:11 PDT"]
[Termination "Keeper0416 won by resignation"]

1. d4 Nf6 2. c4 e6 3. Nf3 c5 4.
d5 exd5 5. cxd5 d6 6. Nc3 a6 7. a4 g6 8. g3 Bg7 9. Bg2 O-O 10.
O-O Re8 11. Re1 Ne4 12. Nxe4 Rxe4 13. Qc2 Bf5 14. Bh3 Qc8 15. Qxe4 Bxh3 16. Qh4 Bf5 17. Bf4 Bxb2 18. Bxd6 Bxa1 19. Rxa1 c4 20. Qh6 f6 21. Nd4 Nd7 22. Rc1 Ne5 23. Bxe5 fxe5 24. Nxf5 gxf5 25. Qg5+ Kf7 26. Qh6 Kg8 27. Qb6 Qd7 28.
Rxc4 Qxd5 29. Rc7 Rf8 30. Rxb7 Qd1+ 31. Kg2 Qxe2 32. Qe6+ Kh8 33. Qe7 Qe4+ 34. f3 Qe2+ 35. Kh3 Qf1+ 36. Kh4 Qc4+ 37. g4 Qg8 38. Qxe5+ 1-0

[Event "Early-Titled-Tuesday-Blitz-June-18-2024"]
[Site "Chess.com"]
[Date "2024.06.18"]
[Round "7"]
[White "Rodalquilar"]
[Black "tptagain"]
[Result "1-0"]
[WhiteElo "2823"]
[BlackElo "2932"]
[TimeControl "180+1"]
[EndTime "9:19:12 PDT"]
[Termination "Rodalquilar won by resignation"]

1. d4 d5 2. Nf3 e6 3. Bf4 c5 4.
e3 Nc6 5. Nbd2 Nf6 6. c3 cxd4 7.
exd4 Nh5 8. Be3 Bd6 9. Ne5 Nf6 10. Ndf3 Nd7 11. Nxd7 Bxd7 12. Bd3 Qc7 13. O-O h6 14. Rc1 Ne7 15. Re1 a6 16. c4 dxc4 17.
Bxc4 Bc6 18. Ne5 Bxe5 19. dxe5 Qxe5 20. Qg4 h5 21. Qh3 Qf5 22. Qg3 h4 23. Qd6 Rd8 24.
Qc5 Qg4 25. Qg5 Qxg5 26. Bxg5 h3 27. Bxe6 fxe6 28. Rxe6 Rd7 29. Rce1 Kf7 30. Rxe7+ Rxe7 31. Rxe7+ Kg6 32. Re5 Rd8 33. Bxd8 1-0

[Event "Early-Titled-Tuesday-Blitz-June-18-2024"]
[Site "Chess.com"]
[Date "2024.06.18"]
[Round "7"]
[White "jaramsdal"]
[Black "kingnb"]
[Result "0-1"]
[WhiteElo "2456"]
[BlackElo "2697"]
[TimeControl "180+1"]
[EndTime "9:19:13 PDT"]
[Termination "kingnb won by resignation"]

1. e4 c5 2. a3 e6 3. b4 cxb4 4. axb4 Bxb4 5. c3 Be7 6. d4 Nf6 7. Bd3 Nc6 8. Na3 d5 9. e5 Ne4 10. Ne2 f6 11. f3 Ng5 12. Bxg5 fxg5 13. Qc2 g6 14. O-O Kf7 15. h3 Kg7 16. f4 a6 17.
fxg5 Bxg5 18. Nb5 Be7 19. Nf4 Rf8 20. Bxg6 Rxf4 21. Rxf4 hxg6 22. Rg4 Bg5 23. h4 Be3+ 24. Kh2 Ne7 25. h5 g5 26. Nd6 Qh8 27. Kg3 Qxh5 28. Qd3 Bf4+ 29. Kf3 Bd7 30. g3 Rf8 31. gxf4 Rxf4+ 32. Ke3 Qxg4 33. Rh1 Rf3+ 34. Ke2 Rxd3+ 35. Kxd3 Qf3+ 36. Kc2 Qxh1 0-1